 Dungeon Sprint DCSS version 0.30.0-7-g0c4daa9e05 (webtiles) character file.

Game seed: 6932554900781040967

12940 Groucho the Naga Aeon (level 12, -4/123 HPs)
             Began as a Naga Gladiator on May 13, 2023.
             Was the Champion of Cheibriados.
             Killed from afar by a frost giant (23 damage)
             ... with a bolt of cold
             ... in the Dungeon (Sprint V: "Ziggurat Sprint").
             The game lasted 00:07:42 (1538 turns).

Groucho the Naga Aeon (Naga Gladiator)              Turns: 1538, Time: 00:07:43

Health: -4/123     AC: 32    Str: 44    XL:     12   Next: 0%
Magic:  13/24      EV: 11    Int: 23    God:    Cheibriados [******]
Gold:   0          SH: 34    Dex: 36    Spells: 11/11 levels left

rFire   . . .        G - +11 Screaming Sword {sonic wave}
rCold   . . .        F - +18 shield of the Gong {Loud rN+ Will+ rCorr EV-5}
rNeg    + . .        E - +15 Maxwell's patent armour {-Cast -Tele rElec Will+ rCorr}
rPois   +            c - +0 helmet
rElec   +            (no cloak)
rCorr   +            S - +1 pair of gloves {Dex+3}
SInv    +            (no barding)
Will    +++..        W - amulet of the acrobat Stlth
                     z - +6 ring of strength
HPRegen 0.40/turn    A - +6 ring of strength
MPRegen 0.19/turn

%: no teleportation, no spellcasting, acrobat
@: studying Fighting, very slow
A: AC +4, large, see invisible, deformed body, poison resistance, slowness 2,
spit poison 1, naga tail 1
a: Spit Poison, Renounce Religion, Bend Time, Temporal Distortion, Slouch, Step
From Time


You were in the Dungeon.
You worshipped Cheibriados.
Cheibriados was exalted by your worship.
You visited 1 branch

Inventory:

Hand Weapons
 a - the +10 dark maul {heavy}
   (You found it in the Dungeon)
 b - the +27 heavy crossbow "Sniper" {heavy, Acc+∞ SInv}
   (You found it in the Dungeon)

   Acc+∞: It never misses its target.
   SInv:      It lets you see invisible.
 G - the +11 Screaming Sword (weapon) {sonic wave}
   (You found it in the Dungeon)
 H - the +7 great mace "Firestarter" {flame, immolate, rFlCloud rF++}
   (You found it in the Dungeon)

   rFlCloud:  It grants immunity to clouds of flame.
   rF:        It greatly protects you from fire.
 I - the +11 plutonium sword {Contam Stlth-}
   (You found it in the Dungeon)

   Contam:    It causes magical contamination when unequipped.
   Stlth:     It makes you less stealthy.
 J - the +9 sword of Power {lifebolt}
   (You found it in the Dungeon)
 K - the +9 sword of Zonguldrok {reap}
   (You found it in the Dungeon)
 L - a +5 hand crossbow
 M - a +5 sling
Missiles
 d - 4 throwing nets (quivered)
 e - a javelin
Armour
 c - a +0 helmet (worn)
 E - the +15 Maxwell's patent armour (worn) {-Cast -Tele rElec Will+ rCorr}
   (You found it in the Dungeon)

   rElec:     It insulates you from electricity.
   -Cast:     It prevents spellcasting.
   -Tele:     It prevents most forms of teleportation.
   rCorr:     It protects you from acid and corrosion.
   Will:      It increases your willpower.
 F - the +18 shield of the Gong (worn) {Loud rN+ Will+ rCorr EV-5}
   (You found it in the Dungeon)

   Loud:      It is deafeningly noisy when blocking attacks.
   EV:        It affects your evasion (-5).
   rN:        It protects you from negative energy.
   rCorr:     It protects you from acid and corrosion.
   Will:      It increases your willpower.
 S - a +1 pair of gloves of dexterity (worn)
Jewellery
 u - a ring of flight
 v - a +6 ring of dexterity
 w - a +6 ring of dexterity
 x - a +6 ring of intelligence
 y - a +6 ring of intelligence
 z - a +6 ring of strength (left hand)
 A - a +6 ring of strength (right hand)
 Q - a ring of protection from cold
 T - the ring "Wetisso" {rF- rC+ Will+ MP+9 Dex+3}
   (You found it in the Dungeon)

   [ring of willpower]

   Dex:       It affects your dexterity (+3).
   rF:        It makes you vulnerable to fire.
   rC:        It protects you from cold.
   MP:        It affects your magic capacity (+9).
   Will:      It increases your willpower.
 W - an amulet of the acrobat (around neck)
Wands
 B - a wand of mindburst (25)
 C - a wand of light (9)
 D - a wand of roots (33)
 N - a wand of polymorph (10)
 P - a wand of charming (14)
 R - a wand of flame (28)
Scrolls
 k - 4 scrolls of blinking
 q - 4 scrolls of amnesia
 r - 8 scrolls of fog
 s - 5 scrolls of identify
 t - 2 scrolls of fear
 O - 4 scrolls of brand weapon
 U - 4 scrolls of enchant armour
 V - 4 scrolls of enchant weapon
Potions
 f - 10 potions of curing
 g - 8 potions of heal wounds
 h - 6 potions of haste
 i - 7 potions of magic
 j - 3 potions of berserk rage
 l - 2 potions of brilliance
 m - 2 potions of invisibility
 n - 4 potions of resistance
 o - a potion of experience
 p - 5 potions of might


   Skills:
 + Level 12.9 Fighting
 * Level 11.4 Long Blades
 + Level 2.9 Maces & Flails
 + Level 9.6 Ranged Weapons
 - Level 1.7 Throwing
 * Level 9.3 Armour
 + Level 9.4 Dodging
 + Level 9.7 Shields
 + Level 16.0 Invocations


You had 11 spell levels left.
You didn't know any spells.
Your spell library contained the following spells:

 Spells                   Type           Power      Damage    Failure   Level
 Kiss of Death            Conj/Necr      0%         2d5       65%         1
 Blink                    Tloc           0%         N/A       80%         2
 Momentum Strike          Conj/Tloc      0%         3d8       80%         2
 Frozen Ramparts          Ice            0%         1d1       95%         3
 Ignite Poison            Fire/Tmut/Pois 0%         N/A       95%         3
 Spider Form              Tmut/Pois      0%         N/A       95%         3
 Volatile Blastmotes      Fire/Tloc      0%         2d10      95%         3
 Fulminant Prism          Conj/Hex       0%         3d5       100%        4
 Iskenderun's Mystic Bla  Conj/Tloc      0%         2d3       100%        4
 Leda's Liquefaction      Hex/Erth       0%         N/A       100%        4
 Manifold Assault         Tloc           0%         N/A       100%        4
 Olgreb's Toxic Radiance  Pois           0%         N/A       100%        4
 Petrify                  Tmut/Erth      0%         N/A       100%        4
 Sticky Flame             Conj/Fire      0%         2d3       100%        4
 Borgnjor's Vile Clutch   Necr/Erth      0%         N/A       100%        5
 Lee's Rapid Deconstruct  Erth           0%         3d4*      100%        5
 Yara's Violent Unravell  Hex/Tmut       0%         3d3       100%        5
 Statue Form              Tmut/Erth      0%         N/A       100%        6
 Haunt                    Necr/Summ      0%         N/A       100%        7
 Storm Form               Tmut/Air       0%         N/A       100%        7
 Borgnjor's Revivificati  Necr           0%         N/A       100%        8
 Discord                  Hex            0%         N/A       100%        8
 Ignition                 Fire           0%         3d3       100%        8
 Lehudib's Crystal Spear  Conj/Erth      0%         10d2      100%        8
 Chain Lightning          Conj/Air       0%         N/A       100%        9
 Fire Storm               Conj/Fire      0%         5d1       100%        9
 Shatter                  Erth           0%         3d5*      100%        9


Dungeon Overview and Level Annotations

Branches:
Dungeon (1/1)

Altars:
Ashenzari
Cheibriados
Dithmenos
Elyvilon
Fedhas
Gozag
Hepliaklqana
Kikubaaqudgha
Makhleb
Nemelex Xobeh
Okawaru
Qazlal
Ru
Sif Muna
Trog
Uskayaw
Vehumet
Wu Jian
Xom
Yredelemnul
Zin
The Shining One
Jiyva
Lugonu


Innate Abilities, Weirdness & Mutations

Your serpentine skin is tough. (AC +4)
You have supernaturally acute eyesight. (SInv)
Armour fits poorly on your strangely shaped body.
Your system is resistant to poisons. (rPois)
You cover ground very slowly.
You can spit poison.
You have a snake-like lower body.


Message History

The quokka simulacrum vaporises!
Cheibriados appreciates the change of pace.
The giant cockroach simulacrum vaporises!
Cheibriados thoroughly appreciates the change of pace.
The adder simulacrum vaporises!
Cheibriados thoroughly appreciates the change of pace.
You kill the tormentor!
Cheibriados thoroughly appreciates the change of pace.
A frost giant comes into view.
It is wielding the +10 battleaxe of Appoetix {pain, Int+7} and wearing the ring of Perfectionism {rElec rC+ rN+++ Str-3 Dex+6}.
The Ice Fiend gestures at you.
The bolt of cold hits the nargun.
The nargun completely resists.
The bolt of cold hits you!!
* * * LOW HITPOINT WARNING * * *
You have reached level 12!
You feel stronger.
Your skin feels tougher.
You feel much better.
Unknown command.
Unknown command.
You feel much better. You resist with almost no effort.
The Ice Fiend calls on the powers of darkness!
The frost giant convulses!
Your body is wracked with pain!
* * * LOW HITPOINT WARNING * * *
Unknown command.
Unknown command.
Activating: Slouch (0% risk of failure)
Press: ? - help, Dir - look around, f - activate You can feel time thicken for a moment.
You destroy the nargun!
Cheibriados appreciates the change of pace.
You destroy the freezing wraith!
Cheibriados appreciates the change of pace.
You destroy the nargun!
Cheibriados appreciates the change of pace.
The Ice Fiend calls on the powers of darkness!
The frost giant convulses!
Your body is wracked with pain!
* * * LOW HITPOINT WARNING * * *
The frost giant casts a spell at you.
The bolt of cold hits the Ice Fiend.
The Ice Fiend completely resists.
The bolt of cold hits you!!
You die...

▓.▓....▓.▓.
▓...°[/)|)..▓...©....▓.
▓.....°.....▓▓▓▓▓▓▓▓▓▓▓
▓..○○.C.....▓...8©8...▓
▓.....1.....▓..)|)|...▓
▓...........▓...).)...▓
▓...........▓.........▓
▓..▓.....▓..▓.........▓
▓.....@.....▓.........▓
▓.....©.....▓.........▓
▓▓▓▓▓▓▓▓▓▓▓▓▓.▓.....▓.▓
▓....8©8....▓....©....▓
▓..).|[).|..▓▓▓▓▓▓▓▓▓▓▓
▓......|....▓...8©8...▓
▓...........▓..)|[....▓
▓...........▓...|))...▓
▓...........▓..†).)...▓


You could see a frost giant and an Ice Fiend.

Vanquished Creatures
  A lich (D)
  A shadow dragon (D)
  2 narguns (D)
  A ghoul (D)
  A pandemonium lord (D)
  A blizzard demon (D)
  3 soul eaters (D)
  5 spriggans (D)
  A skeletal warrior (D)
  A necromancer (D)
  An apocalypse crab (D)
  A smoke demon (D)
  A freezing wraith (D)
  A tormentor (D)
  2 merfolk (D)
  2 hornets (D)
  2 tarantellas (D)
  A jumping spider (D)
  2 vampires (D)
  2 chaos spawn (D)
  2 small abominations (D)
  A large abomination (D)
  A neqoxec (D)
  A black bear (D)
  2 wolves (D)
  4 phantoms (D)
  A necrophage (D)
  5 scorpions (D)
  5 wights (D)
  3 crimson imps (D)
  4 quasits (D)
  3 iron imps (D)
  3 shadow imps (D)
  3 white imps (D)
  6 ufetubi (D)
  3 spectral adders (D)
  2 adder zombies (D)
  An adder skeleton (D)
  3 adder simulacra (D)
  A bat skeleton (D)
  A bat zombie (D)
  A ball python simulacrum (D)
  3 ball python skeletons (D)
  2 ball python zombies (D)
  A bat simulacrum (D)
  A giant cockroach simulacrum (D)
  A giant cockroach zombie (D)
  A quokka simulacrum (D)
  2 quokka skeletons (D)
  A spectral ball python (D)
100 creatures vanquished.

Notes
Turn   | Place    | Note
-------+----------+-------------------------------------------
     0 | D        | Groucho the Naga Gladiator began the quest for the Orb.
     0 | D        | Reached XP level 1. HP: 19/19 MP: 1/1
     0 | D        | Found a shimmering blue altar of Sif Muna.
     0 | D        | Found a bloodstained altar of Trog.
     0 | D        | Found a sacrificial altar of Ru.
     0 | D        | Found a stormy altar of Qazlal.
     0 | D        | Found an iron altar of Okawaru.
     1 | D        | Found a sparkling altar of Nemelex Xobeh.
     1 | D        | Found a blossoming altar of Fedhas.
     1 | D        | Found the +6 Majin-Bo {spellvamp, MP+6 Int+6}
     1 | D        | Found the +27 heavy crossbow "Sniper" {heavy, Acc+∞ SInv}
     1 | D        | Found the +10 dark maul {heavy}
     1 | D        | Found the +15 Maxwell's patent armour {-Cast -Tele rElec
                  | Will+ rCorr}
     1 | D        | Found the +18 shield of the Gong {Loud rN+ Will+ rCorr
                  | EV-5}
     1 | D        | Found the +16 obsidian axe {drain, demonic, Mesm Drain Fly
                  | SInv}
     1 | D        | Found the +7 great mace "Firestarter" {flame, immolate,
                  | rFlCloud rF++}
     1 | D        | Found the +6 shillelagh "Devastator" {shatter}
     1 | D        | Found the +11 plutonium sword {Contam Stlth-}
     1 | D        | Found the +8 lance "Wyrmbane" {slay drac, rPois rF+ rC+
                  | AC+3}
     1 | D        | Found the +9 sword of Zonguldrok {reap}
     1 | D        | Found the +13 scythe of Curses {drain, curses, Drain}
     1 | D        | Found the +9 sword of Power {lifebolt}
     1 | D        | Found the +7 mace of Variability {chaos, chaos arc}
     1 | D        | Found the +11 Singing Sword {sonic wave}
     1 | D        | Found the +8 storm bow {elec, penet}
     3 | D        | Found a transporter.
     3 | D        | Found an ancient bone altar of Kikubaaqudgha.
     3 | D        | Found a viscous altar of Jiyva.
     3 | D        | Found a corrupted altar of Lugonu.
     3 | D        | Found a hazy altar of Hepliaklqana.
     3 | D        | Found a burning altar of Makhleb.
     3 | D        | Found an opulent altar of Gozag.
    71 | D        | Became a worshipper of Cheibriados the Contemplative
    99 | D        | Entered arena 2.
    99 | D        | Noticed a merfolk
    99 | D        | Noticed a merfolk
    99 | D        | Found a transporter.
   103 | D        | Killed a merfolk
   104 | D        | Reached skill level 6 in Invocations
   104 | D        | Reached XP level 2. HP: 26/31 MP: 1/6
   104 | D        | Reached XP level 3. HP: 31/37 MP: 1/7
   104 | D        | Reached XP level 4. HP: 37/45 MP: 1/8
   104 | D        | Reached XP level 5. HP: 42/51 MP: 1/9
   109 | D        | Killed a merfolk
   109 | D        | Reached * piety under Cheibriados
   110 | D        | Reached skill level 5 in Fighting
   110 | D        | Reached skill level 5 in Long Blades
   110 | D        | Reached skill level 8 in Invocations
   110 | D        | Reached XP level 6. HP: 43/61 MP: 1/12
   346 | D        | Entered arena 3.
   346 | D        | Found a transporter.
   352 | D        | Reached ** piety under Cheibriados
   353 | D        | Reached skill level 5 in Dodging
   353 | D        | Reached XP level 7. HP: 67/67 MP: 13/13
   366 | D        | Entered arena 4.
   366 | D        | Noticed a tarantella
   366 | D        | Found a transporter.
   369 | D        | Reached *** piety under Cheibriados
   369 | D        | Reached **** piety under Cheibriados
   369 | D        | Killed a tarantella
   370 | D        | Reached skill level 5 in Ranged Weapons
   370 | D        | Reached skill level 5 in Shields
   370 | D        | Reached skill level 9 in Invocations
   370 | D        | Reached XP level 8. HP: 78/78 MP: 13/15
   379 | D        | Entered arena 5.
   379 | D        | Noticed a tarantella
   379 | D        | Noticed a jumping spider
   379 | D        | Found a transporter.
   382 | D        | Killed a tarantella
   383 | D        | Reached skill level 5 in Armour
   383 | D        | Reached skill level 10 in Invocations
   383 | D        | Reached ***** piety under Cheibriados
   385 | D        | Killed a jumping spider
   396 | D        | Entered arena 6.
   396 | D        | Found a transporter.
   405 | D        | Reached ****** piety under Cheibriados
   414 | D        | Entered arena 7.
   414 | D        | Noticed a soul eater
   414 | D        | Noticed Bonole the pandemonium lord
   418 | D        | Killed a soul eater
   419 | D        | Reached skill level 11 in Invocations
   419 | D        | Reached XP level 9. HP: 82/87 MP: 4/17
   420 | D        | Found a transporter.
   427 | D        | Killed Bonole the pandemonium lord
   428 | D        | Reached skill level 12 in Invocations
   757 | D        | Got the Compilation of Conflagrant Evolution
   759 | D        | Got Myagenia's Vellum of Arcane Combat and Firn
   765 | D        | Entered arena 8.
   768 | D        | Found a transporter.
   787 | D        | Entered arena 9.
   787 | D        | Noticed a smoke demon
   789 | D        | Reached XP level 10. HP: 98/98 MP: 13/19
   789 | D        | Found a transporter.
   791 | D        | Killed a smoke demon
   792 | D        | Reached skill level 13 in Invocations
   804 | D        | Entered arena 10.
   804 | D        | Noticed a spriggan rider
   804 | D        | Noticed a spriggan rider
   805 | D        | Killed a spriggan rider
   806 | D        | Reached skill level 10 in Fighting
   806 | D        | Reached skill level 14 in Invocations
   806 | D        | Found a transporter.
   865 | D        | Entered arena 11.
   867 | D        | Found a transporter.
   880 | D        | Got the ring "Wetisso" {rF- rC+ Will+ MP+9 Dex+3}
   888 | D        | Entered arena 12.
   888 | D        | Noticed a blizzard demon
   889 | D        | Noticed a lich
   889 | D        | Noticed an apocalypse crab
   890 | D        | Killed an apocalypse crab
   892 | D        | Killed a lich
   893 | D        | Reached skill level 10 in Long Blades
   893 | D        | Reached XP level 11. HP: 83/111 MP: 6/22
   896 | D        | Found a transporter.
   902 | D        | Killed a blizzard demon
   903 | D        | Reached skill level 15 in Invocations
  1174 | D        | Got the Vellum of United Striking
  1195 | D        | Entered arena 13.
  1195 | D        | Found the +3 pair of seven-league boots {Rampage+∞}
  1196 | D        | Noticed a skeletal warrior
  1196 | D        | Noticed a necromancer
  1198 | D        | Killed a necromancer
  1199 | D        | Killed a skeletal warrior
  1380 | D        | Found a transporter.
  1394 | D        | Got Khufu's Catalogue of Unholy Arts
  1423 | D        | Entered arena 14.
  1425 | D        | Noticed a soul eater
  1425 | D        | Noticed a shadow dragon
  1425 | D        | Noticed a soul eater
  1425 | D        | Noticed a ghoul
  1428 | D        | Killed a soul eater
  1428 | D        | Killed a soul eater
  1429 | D        | Reached skill level 1 in Maces & Flails
  1432 | D        | Killed a ghoul
  1435 | D        | Killed a shadow dragon
  1436 | D        | Reached skill level 16 in Invocations
  1436 | D        | Found a transporter.
  1532 | D        | Entered arena 15.
  1533 | D        | Noticed an Ice Fiend
  1533 | D        | Noticed a nargun
  1533 | D        | Noticed a nargun
  1535 | D        | Identified the +10 battleaxe of Appoetix {pain, Int+7}
  1535 | D        | Identified the ring of Perfectionism {rElec rC+ rN+++ Str-3
                  | Dex+6}
  1535 | D        | Noticed a frost giant
  1536 | D        | Reached XP level 12. HP: 10/123 MP: 18/24
  1538 | D        | Killed a nargun
  1538 | D        | Killed a nargun
  1538 | D        | Killed from afar by a frost giant

Illustrated notes

Levels and vault maps discovered:
D:        sprint_v [room_start, room_1, room_2, room_3, room_4, room_5, room_6,
          room_7, room_8, room_9, room_10, room_11, room_12, room_13, room_14,
          room_15, room_16, room_17, room_18, room_19, room_20, room_21,
          room_22, room_23, room_24, room_25, room_26, room_27]

Skill      XL: |  1  2  3  4  5  6  7  8  9 10 11 |
---------------+----------------------------------+-----
Fighting       | 4 5 6 7 8 11 12 | 12.9
Long Blades    | 4 5 6 7 8 10 11 | 11.4
Ranged Weapons | 3 4 5 6 7 8 9 |  9.6
Armour         | 3 4 5 6 8 9 |  9.3
Dodging        | 4 5 6 7 8 9 |  9.4
Shields        | 3 4 5 6 7 8 9 |  9.7
Invocations    | 6 8 9 11 12 14 16 | 16.0
Maces & Flails | 2 |  2.9
Throwing       | |  1.7

Action                     |  1- 3 |  4- 6 |  7- 9 | 10-12 || total
---------------------------+-------+-------+-------+-------++-------
  Melee: Double sword      |     3 |     9 |    26 |    22 ||    60
 Invoke: Slouch            |       |       |     4 |    13 ||    17
         Bend Time         |       |       |     1 |       ||     1
    Use: Potion            |       |       |       |     2 ||     2
 Armour: Plate armour      |     3 |       |    35 |     9 ||    47
  Dodge: Dodged            |       |       |    15 |     8 ||    23
  Block: Kite shield       |     8 |     8 |    51 |    42 ||   109
